 Dungeon Crawl Stone Soup version 0.15-a0-672-g38fd0bf (console) character file.

630230 Kellhus the Devastator (level 27, 175/175 HPs)
             Began as an Octopode Wizard on Nov 17, 2013.
             Was the Champion of Vehumet.
             Quit the game on Level 2 of the Realm of Zot on May 8, 2014.
             The game lasted 05:05:06 (116635 turns).

Kellhus the Devastator (Octopode Wizard)          Turns: 116635, Time: 05:05:07

HP 175/175       AC 12     Str  7      XL: 27
MP  53/53        EV 32     Int 32      God: Vehumet [******]
Gold 7111        SH  8     Dex 11      Spells: 13 memorised,  7 levels left

rFire  + + +     SeeInvis .     a - staff of conjuration
rCold  + . .     Clarity  .     O - +1 buckler {rPois}
rNeg   . . .     Conserve .     z - +2 hat of the Alchemist {rElec rF+ rC+ MR+}
rPois  +         rCorr    .     l - amulet "Mnist" {Gourm rElec rF+}
rElec  +         rRot     .     p - +4 ring of protection
SustAb . .       Spirit   .     A - +6 ring of evasion
rMut   .         Warding  .     i - ring of magical power
Gourm  +         Stasis   .     I - ring of fire
MR     +++..                    x - +5 ring of protection
                                J - ring of protection from cold
                                r - +4 ring of evasion
                                H - +4 ring of evasion

@: extremely resistant to hostile enchantments, fairly stealthy
A: almost no armour, amphibious, 8 rings, constrict 8, camouflage 1, deformed
body, gelatinous body 1
a: Renounce Religion
}: 3/15 runes: decaying, silver, gossamer


You were on level 2 of the Realm of Zot.
You worshipped Vehumet.
Vehumet was exalted by your worship.
You were full.

You visited 11 branches of the dungeon, and saw 60 of its levels.
You visited 1 bazaar.
You also visited: Labyrinth, Trove and Ice Cave.

You collected 11695 gold pieces.
You spent 4584 gold pieces at shops.

Inventory:

Hand weapons
 b - the +9,+9 Staff of Wucad Mu
   (You bought it in a shop on level 4 of the Orcish Mines)
Armour
 z - the +2 hat of the Alchemist (worn) {rElec rF+ rC+ MR+}
   (You found it on level 3 of the Lair of Beasts)

   It protects you from fire.
   It protects you from cold.
   It insulates you from electricity.
   It affects your resistance to hostile enchantments.
 O - a +1 buckler of poison resistance (worn)
Magical devices
 j - a wand of cold (5)
 F - a wand of disintegration (14)
 N - a wand of hasting (3)
 T - a wand of digging (21)
Comestibles
 d - 4 bread rations
 q - 4 meat rations
Scrolls
 e - 3 scrolls of remove curse
 h - a scroll of identify
 m - a scroll of silence
 o - a scroll of fog
 v - 6 scrolls of teleportation
 G - a scroll of magic mapping
Jewellery
 c - an uncursed ring of see invisible
 i - a ring of magical power (on tentacle)
 l - the amulet "Mnist" (around mantle) {Gourm rElec rF+}
   (You found it on level 6 of the Lair of Beasts)

   [amulet of the gourmand]

   It allows you to eat raw meat even when not hungry.
   It protects you from fire.
   It insulates you from electricity.
 p - a +4 ring of protection (left tentacle)
 r - a +4 ring of evasion (on tentacle)
 w - an uncursed amulet of resist mutation
 x - a +5 ring of protection (on tentacle)
 y - an uncursed ring of see invisible
 A - a +6 ring of evasion (right tentacle)
 H - a +4 ring of evasion (on tentacle)
 I - a ring of fire (on tentacle)
 J - a ring of protection from cold (on tentacle)
 M - an uncursed amulet of conservation
 U - an uncursed amulet of clarity
Potions
 f - a potion of magic
 g - 8 potions of curing
 t - 2 potions of brilliance
 u - 5 potions of agility
 B - 3 potions of might
 C - 4 potions of haste
 D - 8 potions of heal wounds
Books
 k - a book of Wizardry

   Spells                             Type                      Level
   Agony                              Necromancy                   5
   Force Lance                        Conjuration                  5
   Dispersal                          Translocation                6
   *Haste                             Charms                       6
   Invisibility                       Hexes                        6
   Spellforged Servitor               Conjuration/Summoning        7
Magical staves
 a - an uncursed staff of conjuration (weapon)


   Skills:
 - Level 12.0 Fighting
 - Level 14.0 Dodging
 - Level 2.6 Stealth
 - Level 1.0 Shields
 - Level 21.5 Spellcasting
 - Level 24.0 Conjurations
 - Level 9.0 Charms
   Level 1.0 Summonings
 - Level 10.3 Necromancy
 - Level 1.0 Translocations
 + Level 7.5 Transmutations
 - Level 22.0 Fire Magic
 - Level 7.0 Earth Magic
 - Level 7.0 Poison Magic
 - Level 18.3 Evocations


You had 7 spell levels left.
You knew the following spells:

 Your Spells              Type           Power        Failure   Level  Hunger
a - Iron Shot             Conj/Erth      ########..   1%          6    None
b - Poison Arrow          Conj/Pois      ########..   1%          6    None
c - Bolt of Fire          Conj/Fire      #########.   1%          6    None
d - Poisonous Cloud       Conj/Pois/Air  ########..   1%          6    None
f - Flight                Chrm/Air       ######....   1%          3    None
h - Haste                 Chrm           #######.     4%          6    None
i - Fire Storm            Conj/Fire      #########.   3%          9    ######.
l - Blink                 Tloc           N/A          1%          2    None
n - Necromutation         Trmt/Necr      ######....   99%         8    ####...
p - Phase Shift           Tloc           #####.....   21%         5    None
r - Repel Missiles        Chrm/Air       ######       1%          2    None
s - Swiftness             Chrm/Air       ######..     1%          2    None
A - Apportation           Tloc           #####.....   1%          1    None


Dungeon Overview and Level Annotations

Branches:
Dungeon (16/16)            Temple (1/1) D:4             Orc (4/4) D:11
    Elf (3/3) Orc:4          Lair (8/8) D:9           Swamp (5/5) Lair:4
 Spider (5/5) Lair:4        Slime (0/6) Lair:8       Vaults (5/5) Depths:1
  Blade (0/1) Vaults:4      Crypt (5/5)                Tomb (0/3) Crypt:3
    Zot (2/5) Depths:6     Depths (6/6) D:16

Altars:
Ashenzari
Cheibriados
Elyvilon
Fedhas
Kikubaaqudgha
Makhleb
Nemelex Xobeh
Okawaru
Sif Muna
Trog
Vehumet
Xom
Yredelemnul
Zin
The Shining One
Beogh

Shops:
D:7 [   D:10 *   Orc:2 }   Orc:4 *[(:*   Elf:1 (   Elf:2 :(*?   Elf:3 [
Vaults:1 [   Vaults:5 !!%??%?%!*}![   Depths:3 !

Portals:
Hell: Depths:1 Depths:2 Depths:3 Depths:4 Depths:5 Depths:6
Abyss: Depths:2 Depths:4
Pandemonium: Depths:1 Depths:3

Annotations:
Swamp:1 exclusion: Roxanne, Roxanne


Innate Abilities, Weirdness & Mutations

You cannot wear most types of armour.
You are amphibious.
You can wear up to eight rings at the same time.*
You can use your tentacles to constrict many enemies at once.*
Your skin changes colour to match your surroundings (Stealth).*
Your rubbery body absorbs attacks (AC +1).*
Your body is misshapen.*


Message History

Your movement speed is average.
Your attack speed is below average.
You are very resistant to hostile enchantments.
You feel quite stealthy.
You have 7111 gold pieces.
Saving game... please wait.
Welcome back, Kellhus the Octopode Wizard.
Vehumet says: Let it end in hellfire!
Press ? for a list of commands and other information.
Wield which item (- for none, * to show all)? (? for menu, Esc to quit)
Okay, then.
Cast which spell? (? or * to list)
Okay, then.
Read which item? (? for menu, Esc to quit)
Okay, then.
Search for what [? for help]? necromu Saving game... please wait.
Welcome back, Kellhus the Octopode Wizard.
Vehumet says: Let it end in hellfire!
Press ? for a list of commands and other information.
Are you sure you want to abandon this character and quit the game? (Confirm with "yes".)

############# #....!......#######
##.###..........@..##############
#......#####.#####...............
#..##### #.# #.##############
#..# #.#####.############## #..#
#.##..............##..
#..#########.##.##.#########.##.#
................##%# #.##..
#..#########.#####.#########.####
#............# #.##......#.# #


There were no monsters in sight!

Vanquished Creatures
  2 orbs of fire
  2 ancient liches (Crypt:5)
  A greater mummy (Crypt:2)
  Saint Roka (Depths:2)
  Boris (Vaults:5)
  Sojobo (Crypt:1)
  Margery (Vaults:3)
  Mara (Spider:5)
  Mennas (Vaults:4)
  A curse toe (Crypt:5)
  Jory (Vaults:5)
  6 golden dragons
  3 bone dragons
  Xtahua (Crypt:1)
  Frederick (Vaults:3)
  Nikola (Vaults:1)
  Arachne (Spider:2)
  A hellephant (Depths:4)
  15 tentacled monstrosities
  An Ice Fiend (IceCv)
  3 titans
  A titan (shapeshifter) (Depths:2)
  A Shadow Fiend (Crypt:5)
  A deep elf master archer (Elf:3)
  5 storm dragons
  4 liches
  3 sphinxes
  Rupert (Swamp:3)
  Agnes (Swamp:1)
  5 tengu reavers
  Frances (Crypt:4)
  10 ancient champions
  5 revenants
  2 draconian monks
  5 shadow dragons (Vaults:5)
  Donald (Swamp:3)
  6 fire giants
  7 deep elf sorcerers
  Wiglaf (Spider:3)
  11 vault wardens
  6 draconian scorchers
  9 orc warlords
  An iron dragon (Vaults:5)
  4 ghost moths
  Aizul (Spider:2)
  Louise (Swamp:2)
  4 frost giants
  A reaper (Crypt:4)
  4 emperor scorpions
  3 curse skulls
  2 draconian zealots
  A balrug (Depths:5)
  Jorgrun (Vaults:5)
  3 draconian annihilators (Zot:2)
  3 draconian shifters
  41 stone giants
  The ghost of Somebody the Cleaver, a powerful MiFi of Ashenzari (Spider:1)
  3 eidola
  6 draconian callers
  4 green draconians
  9 deep elf demonologists
  4 grey draconians
  6 deep elf annihilators
  2 removed
  MONS_ELEMENTAL_WELLSPRINGs (Depths:4)
  A dire elephant (shapeshifter) (Vaults:5)
  2 red draconians (Zot:1)
  Azrael (Vaults:3)
  A satyr (shapeshifter) (Vaults:5)
  5 black draconians
  2 removed MONS_PHOENIXs
  3 pale draconians
  A mottled draconian (Zot:1)
  2 yellow draconians (Depths:6)
  2 unborn (Crypt:5)
  7 vampire knights
  4 purple draconians
  A white draconian (Zot:2)
  A minotaur (Lab)
  24 ettins
  Snorg (Swamp:3)
  14 deep elf death magi
  11 jiangshi
  42 yaktaur captains
  4 great orbs of eyes
  33 vault guards
  2 deep elf high priests
  3 death cobs
  Fannar (D:10)
  15 ironheart preservers
  9 fire dragons
  Harold (Orc:2)
  19 ogre magi
  18 hydras
  A ravenous item mimic (Depths:4)
  Nessos (Swamp:2)
  12 ice dragons
  2 ravenous feature mimics
  2 death knights
  4 dancing weapons (Vaults:4)
  Erica (D:10)
  An alligator snapping turtle (shapeshifter) (Depths:1)
  21 death yaks
  7 vampire magi
  An anaconda (shapeshifter) (Vaults:5)
  4 rakshasas
  18 alligators
  A death yak (shapeshifter) (Vaults:1)
  19 deep troll earth magi
  2 hell hogs (Depths:4)
  5 plague shamblers
  2 sun demons (Depths:5)
  4 naga warriors
  6 orc high priests
  14 deep troll shamans
  Urug (Orc:4)
  11 spectral elves
  30 centaur warriors
  3 catoblepae (Lair:8)
  2 soul eaters
  A fire crab (shapeshifter) (Elf:2)
  Nergalle (Orc:4)
  An iron golem (Vaults:1)
  9 very ugly things
  28 deep elf knights
  3 fire crabs
  An unseen horror (shapeshifter) (Elf:2)
  6 iron trolls
  A shadow demon (Elf:2)
  2 death drakes (Zot:2)
  86 skeletal warriors
  2 shadow wraiths
  25 hell knights
  An elf (shapeshifter) (Depths:3)
  7 ice devils
  An unseen horror (Vaults:1)
  6 storm dragon skeletons
  40 deep trolls
  A giant orange brain (shapeshifter) (Vaults:5)
  An anaconda zombie (Crypt:5)
  Erolcha (D:12)
  3 spectral hydras (Swamp:5)
  8 removed MONS_GIANT_AMOEBAs
  An ice statue (IceCv)
  9 flayed ghosts
  17 hill giants
  18 necromancers
  A giant orange brain (Depths:3)
  16 harpies
  7 swamp dragons
  A sphinx zombie (Crypt:1)
  10 red wasps
  5 oklob plants
  A wolf spider zombie (Crypt:1)
  An anaconda skeleton (Crypt:1)
  2 wizards
  2 fire giant zombies
  Joseph (D:9)
  20 ironbrand convokers
  4 griffons
  3 removed MONS_FLAMING_CORPSEs
  2 stone giant zombies
  16 orc knights
  11 orc sorcerers
  16 phantasmal warriors
  16 deep elf conjurers
  A moth of wrath (shapeshifter) (Vaults:5)
  A frost giant zombie (Vaults:3)
  29 wolf spiders
  3 spectral ettins (Crypt:4)
  A sphinx skeleton (Crypt:1)
  7 cyclopes
  12 moths of wrath
  14 stone giant skeletons
  4 octopodes
  3 sixfirhies
  9 elephants (Lair:8)
  Maurice (D:10)
  A smoke demon (Depths:4)
  3 fire giant skeletons
  6 deep elf summoners
  A black mamba (Lair:3)
  5 removed MONS_SPINY_WORMs
  A spectral hill giant (Crypt:4)
  3 frost giant skeletons
  An orange demon (Elf:3)
  A small abomination (Elf:3)
  2 octopodes (shapeshifter)
  A queen ant (Lair:3)
  A tormentor (Crypt:5)
  11 vault sentinels
  A dire elephant skeleton (Crypt:1)
  2 pale draconian zombies
  A black draconian zombie (Depths:6)
  An elephant slug zombie (Crypt:3)
  A removed MONS_ANCIENT_BEAR zombie (Crypt:5)
  Psyche (D:10)
  A purple draconian zombie (Crypt:2)
  4 swamp worm zombies (Swamp:5)
  77 yaktaurs
  23 spiny frogs
  11 demonic crawlers
  An item mimic (Orc:1)
  A yellow draconian zombie (Depths:6)
  A mermaid (shapeshifter) (Elf:1)
  6 blue devils
  A hell beast (Crypt:5)
  An iron devil (Crypt:2)
  A white draconian skeleton (Crypt:2)
  10 komodo dragons
  A pale draconian skeleton (Crypt:4)
  3 red devils
  A spectral deep troll (Crypt:5)
  2 removed MONS_FORMICID_DRONEs
  A troll (shapeshifter) (Depths:2)
  4 anaconda simulacra (IceCv)
  4 fire drakes
  A redback zombie (Vaults:2)
  15 deep elf priests
  12 orb spiders
  6 hydra zombies
  A removed MONS_ANCIENT_BEAR skeleton (Crypt:3)
  28 jumping spiders
  18 trolls
  A fire vortex (Depths:2)
  Sonja (Orc:3)
  A silent spectre (Crypt:3)
  2 iron troll skeletons
  A slime creature (shapeshifter) (Depths:4)
  A harpy skeleton (Vaults:1)
  A polar bear (shapeshifter) (D:15)
  8 giant leeches
  A wind drake (Zot:2)
  6 ravens
  A spectral swamp dragon (Swamp:5)
  13 bog bodies
  6 ettin zombies
  A snapping turtle (shapeshifter) (Vaults:4)
  13 blink frogs
  A dryad zombie (Crypt:1)
  A trapdoor spider zombie (D:16)
  4 baby alligators (Swamp:2)
  3 hydra skeletons (Crypt:1)
  A siren skeleton (Crypt:3)
  5 alligator zombies (Swamp:5)
  A flying skull (Crypt:5)
  5 boulder beetles
  7 shadows
  A fire dragon zombie (Crypt:1)
  42 slime creatures
  41 two-headed ogres
  15 water elementals
  A fire dragon skeleton (Crypt:2)
  2 basilisks
  A frost giant simulacrum (Vaults:2)
  35 yaks
  A dire elephant simulacrum (IceCv)
  A dryad skeleton (Crypt:1)
  A redback (shapeshifter) (Elf:2)
  3 ettin skeletons (Vaults:2)
  11 wraiths
  A griffon skeleton (Crypt:3)
  55 redbacks
  22 trapdoor spiders
  24 tarantellas
  A wyvern (D:15)
  2 giant leech zombies
  An ice dragon skeleton (Crypt:2)
  A hill giant zombie (D:13)
  A merfolk (D:7)
  3 vampires
  3 elephant slugs
  7 hungry ghosts
  32 deep elf magi
  2 neqoxecs
  3 fire elementals (Vaults:3)
  A removed MONS_SPINY_WORM zombie (Crypt:3)
  79 ugly things
  A giant firefly zombie (Crypt:3)
  40 deep elf fighters
  An iron troll simulacrum (IceCv)
  3 hill giant skeletons
  6 hippogriffs
  4 sharks
  3 mottled dragons
  An elf skeleton (Crypt:3)
  A removed MONS_CLAY_GOLEM (Vaults:1)
  A death yak simulacrum (IceCv)
  A wind drake skeleton (Crypt:1)
  A raven zombie (Crypt:1)
  2 chaos spawn (Depths:6)
  30 vampire mosquitoes
  3 human zombies
  3 manticores
  3 harpy simulacra (IceCv)
  A removed MONS_ROCK_WORM (Vaults:2)
  38 swamp worms
  A necrophage (D:10)
  13 porcupines
  A spectral shapeshifter (Crypt:4)
  A deep troll zombie (Crypt:1)
  A spiny frog zombie (Crypt:4)
  3 wolves (Lair:2)
  10 freezing wraiths
  12 soldier ants
  2 deep troll skeletons (Vaults:2)
  2 yellow wasps
  3 ice beasts
  4 sky beasts
  A faun skeleton (Crypt:3)
  13 hell hounds
  4 swamp dragon zombies (Swamp:5)
  74 orc warriors
  10 swamp drakes
  A black bear (D:11)
  9 nagas
  13 phantoms
  4 hydra simulacra (IceCv)
  4 tengu (Depths:6)
  A snapping turtle zombie (Crypt:1)
  A spriggan simulacrum (IceCv)
  15 removed MONS_GIANT_GOLDFISHs
  A lindwurm skeleton (Crypt:5)
  83 ogres
  2 ettin simulacra
  16 crocodiles
  A boring beetle (Lair:8)
  6 lost souls
  9 wargs
  2 big kobolds
  44 centaurs
  3 giant slugs (shapeshifter)
  A giant slug zombie (Crypt:1)
  A hog skeleton (Crypt:4)
  3 formicids
  An octopode zombie (Crypt:1)
  A brain worm (D:12)
  A yaktaur zombie (D:16)
  15 giant slugs
  A gnoll sergeant (D:10)
  20 water moccasins
  Blork the orc (D:9)
  9 removed MONS_AGATE_SNAILs
  2 cyclops zombies
  A manticore zombie (D:12)
  21 giant frogs
  6 draconian simulacra (IceCv)
  A yaktaur skeleton (D:12)
  A manticore skeleton (Crypt:5)
  5 insubstantial wisps (Swamp:5)
  37 killer bees
  A boulder beetle zombie (Crypt:1)
  A swamp dragon simulacrum (IceCv)
  9 removed MONS_JELLYFISHs
  12 wights
  2 troll zombies
  9 electric eels
  A spectral brain worm (Crypt:4)
  An elephant simulacrum (IceCv)
  2 removed MONS_GRIZZLY_BEAR skeletons
  3 removed
  MONS_LAVA_FISHs (Lair:8)
  A troll skeleton (D:11)
  2 pulsating lumps (Lair:8)
  A wolf zombie (Crypt:4)
  A quasit (D:8)
  A hippogriff skeleton (D:10)
  7 goliath beetles
  3 lava snakes (Lair:8)
  A centaur zombie (D:5)
  10 crimson imps
  A warg zombie (Orc:4)
  13 hounds
  12 jellies
  22 big fish
  13 iguanas
  30 spiders
  31 orc priests
  A water moccasin zombie (D:6)
  30 orc wizards
  A cyclops simulacrum (D:13)
  2 iron imps
  A water moccasin skeleton (D:7)
  2 polar bear simulacra (IceCv)
  40 worker ants
  A centaur skeleton (D:4)
  16 scorpions
  3 spectral swamp drakes (Swamp:5)
  6 troll simulacra (IceCv)
  3 removed
  MONS_GRIZZLY_BEAR simulacra (D:9)
  36 sheep
  A wolf simulacrum (IceCv)
  5 ogre zombies
  A sky beast zombie (D:9)
  A removed MONS_GNOME zombie (Crypt:2)
  18 boggarts
  A demonspawn skeleton (Crypt:5)
  3 hound skeletons
  A swamp drake zombie (Swamp:5)
  3 mummies
  10 gnolls
  75 green rats
  A naga skeleton (Crypt:5)
  24 adders
  An ogre simulacrum (IceCv)
  5 removed MONS_GIANT_CENTIPEDEs
  An inept item mimic (D:7)
  5 white imps
  A hound simulacrum (D:9)
  7 giant mites
  4 naga simulacra (IceCv)
  5 worms
  7 ufetubi
  A sheep zombie (Crypt:3)
  A halfling zombie (Crypt:2)
  An iguana skeleton (D:5)
  7 giant eyeballs
  7 giant geckos
  18 oozes
  218 orcs
  2 sheep simulacra (D:9)
  20 bats
  2 bat skeletons (D:4)
  9 giant cockroaches
  21 hobgoblins
  19 jackals
  30 kobolds
  12 quokkas
  A giant gecko skeleton (D:4)
  8 giant newts
  A giant newt skeleton (Crypt:1)
  4 giant spores
  29 goblins
  5 goblin skeletons
  A goblin zombie (D:11)
  2 hobgoblin skeletons
  2 hobgoblin zombies (D:11)
  A kobold skeleton (D:8)
  A kobold zombie (D:7)
  A lava orc zombie (Crypt:1)
  2 orc skeletons (D:11)
  17 orc zombies
  A quokka skeleton (Crypt:5)
  A quokka zombie (D:9)
  22 rats
  5 rat simulacra (D:9)
  A removed MONS_RAKSHASA_FAKE (Depths:1)
  3 ballistomycetes
  6 crawling corpses (Elf:3)
  2 fungi
  3 plants
3539 creatures vanquished.

Vanquished Creatures (collateral kills)
  Khufu (Crypt:2)
  A greater mummy (Crypt:2)
  Boris (Crypt:1)
  A golden dragon (Depths:2)
  A bone dragon (Vaults:5)
  A lich (Crypt:4)
  2 deep elf blademasters (Elf:3)
  A deep elf master archer (Elf:3)
  A tengu reaver (Depths:2)
  A grey draconian (Zot:2)
  A green draconian (Depths:6)
  A deep elf demonologist (Elf:3)
  A red draconian (Zot:2)
  A skeletal warrior (Crypt:1)
  A sixfirhy (Elf:3)
  A yaktaur (Depths:6)
  2 anaconda simulacra (IceCv)
  A slime creature (Depths:4)
  3 jumping spiders
  2 water elementals (Depths:4)
  A redback (Spider:5)
  A trapdoor spider (Spider:5)
  A yaktaur skeleton (Crypt:1)
  A removed MONS_AGATE_SNAIL (Lair:4)
  A centaur skeleton (Crypt:4)
  3 spiders
  An orc wizard (Vaults:5)
  A troll simulacrum (IceCv)
  An adder (Lair:4)
  An ogre simulacrum (IceCv)
  A removed MONS_GIANT_CENTIPEDE (Lair:4)
  A shadow imp (Elf:3)
  A white imp (Elf:3)
  An ufetubus (IceCv)
  4 orcs
  A giant mite zombie (Crypt:4)
  A crawling corpse (Elf:3)
47 creatures vanquished.

Vanquished Creatures (others)
  A yaktaur (Depths:4)
  331 fire vortices
  2 ugly things (D:16)
  A water moccasin (Swamp:5)
  6 lost souls
  A big fish (Swamp:5)
  A worm (Lair:4)
  An orc (Vaults:5)
  A crawling corpse (Elf:3)
  17 fungi
  17 plants
379 creatures vanquished.

Grand Total: 3965 creatures vanquished

Notes
Turn   | Place    | Note
--------------------------------------------------------------
     0 | D:1      | Kellhus, the Octopode Wizard, began the quest for the Orb.
     0 | D:1      | Reached XP level 1. HP: 9/9 MP: 5/5
   546 | D:1      | Reached XP level 2. HP: 15/15 MP: 2/7
   899 | D:1      | Reached XP level 3. HP: 10/19 MP: 0/9
  1701 | D:2      | Reached XP level 4. HP: 25/25 MP: 4/11
  1708 | D:2      | Reached skill level 4 in Conjurations
  2276 | D:3      | Learned a level 3 spell: Conjure Flame
  2280 | D:3      | Learned a level 3 spell: Mephitic Cloud
  2470 | D:3      | Reached XP level 5. HP: 18/29 MP: 2/12
  2694 | D:3      | Reached skill level 5 in Conjurations
  3564 | D:4      | Noticed an ogre
  3571 | D:4      | Killed an ogre
  3571 | D:4      | Reached skill level 6 in Conjurations
  3571 | D:4      | Reached XP level 6. HP: 35/35 MP: 3/14
  3701 | D:4      | Found a staircase to the Ecumenical Temple.
  3709 | Temple   | Entered the Ecumenical Temple
  3801 | Temple   | Became a worshipper of Vehumet
  4443 | D:4      | Reached XP level 7. HP: 39/39 MP: 9/18
  4964 | D:4      | Reached skill level 5 in Spellcasting
  5039 | D:4      | Acquired Vehumet's first power
  5039 | D:4      | Offered knowledge of Sting by Vehumet.
  5042 | D:4      | Learned a level 1 spell: Sting
  5126 | D:4      | Reached skill level 1 in Poison Magic
  5511 | D:4      | Found a glowing silver altar of Zin.
  5511 | D:4      | Noticed a phantom
  5530 | D:4      | Killed a phantom
  5740 | D:4      | Noticed an ogre
  5747 | D:4      | Killed an ogre
  5955 | D:5      | Entered Level 5 of the Dungeon
  5969 | D:5      | Reached skill level 5 in Poison Magic
  5969 | D:5      | Reached XP level 8. HP: 45/45 MP: 6/20
  6166 | D:5      | Found a white marble altar of Elyvilon.
  6182 | D:5      | Reached skill level 7 in Conjurations
  6465 | D:5      | Offered knowledge of Searing Ray by Vehumet.
  6596 | D:5      | Paralysed by a giant eyeball for 2 turns
  6822 | D:5      | Found a glowing golden altar of the Shining One.
  6828 | D:5      | Reached skill level 8 in Conjurations
  7103 | D:6      | Found a blossoming altar of Fedhas.
  7703 | D:6      | Learned a level 2 spell: Blink
  7706 | D:6      | Learned a level 2 spell: Repel Missiles
  7861 | D:7      | Reached XP level 9. HP: 45/49 MP: 11/23
  8078 | D:7      | Found Shruig's Armour Emporium.
  8386 | D:7      | Found a shimmering altar of Xom.
  8567 | D:7      | Offered knowledge of Throw Flame by Vehumet.
  8574 | D:7      | Learned a level 2 spell: Throw Flame
  8739 | D:7      | Reached skill level 1 in Fire Magic
  9378 | D:8      | Acquired Vehumet's second power
 10102 | D:9      | Offered knowledge of Iskenderun's Battlesphere by Vehumet.
 10105 | D:9      | Noticed Psyche
 10107 | D:9      | Noticed Joseph
 10122 | D:8      | Learned a level 5 spell: Iskenderun's Battlesphere
 10137 | D:8      | Reached skill level 5 in Fire Magic
 10582 | D:9      | Killed Joseph
 10582 | D:9      | Reached skill level 9 in Conjurations
 10582 | D:9      | Reached XP level 10. HP: 26/54 MP: 2/25
 11114 | D:9      | Reached skill level 10 in Conjurations
 11159 | D:9      | Found a staircase to the Lair.
 11160 | D:9      | Noticed a komodo dragon
 11181 | D:9      | Noticed Blork the orc
 11199 | D:9      | Killed Blork the orc
 11204 | D:9      | Acquired Vehumet's third power
 11636 | D:9      | Noticed a necromancer
 11658 | D:9      | Killed a necromancer
 11658 | D:9      | Reached skill level 11 in Conjurations
 11757 | D:9      | Offered knowledge of Airstrike by Vehumet.
 11789 | D:9      | Reached skill level 1 in Charms
 11940 | D:9      | Killed a komodo dragon
 11969 | Lair:1   | Entered Level 1 of the Lair of Beasts
 12894 | Lair:2   | Noticed an eight-headed hydra
 13028 | Lair:2   | Killed an eight-headed hydra
 13028 | Lair:2   | Reached XP level 11. HP: 59/59 MP: 16/26
 13372 | Lair:2   | Reached skill level 5 in Charms
 14061 | Lair:2   | Offered knowledge of Delayed Fireball by Vehumet.
 17578 | Lair:4   | Reached skill level 1 in Fighting
 17623 | Lair:4   | Reached XP level 12. HP: 58/65 MP: 13/29
 17823 | Lair:4   | Found an ancient bone altar of Kikubaaqudgha.
 17933 | Lair:4   | Found a hole to the Spider Nest.
 18323 | Lair:4   | Found a staircase to the Swamp.
 18477 | Lair:4   | Offered knowledge of Bolt of Fire by Vehumet.
 18485 | Lair:4   | Learned a level 6 spell: Bolt of Fire
 19628 | Lair:5   | Reached skill level 5 in Dodging
 20029 | Lair:5   | Reached skill level 5 in Fighting
 20581 | Lair:6   | Got an ancient platinum amulet
 20582 | Lair:6   | Identified the amulet "Mnist" {Gourm rElec rF+} (You found it on level 6 of the Lair of Beasts)
 21031 | Lair:6   | Noticed a death yak
 21034 | Lair:6   | Noticed a death yak
 21047 | Lair:6   | Killed a death yak
 21160 | Lair:6   | Noticed a death yak
 21172 | Lair:6   | Killed a death yak
 21177 | Lair:6   | Killed a death yak
 21179 | Lair:6   | Noticed a death yak
 21523 | Lair:6   | Noticed a death yak
 21525 | Lair:6   | Killed a death yak
 21527 | Lair:6   | Killed a death yak
 21527 | Lair:6   | Reached XP level 13. HP: 71/79 MP: 11/30
 21929 | Lair:6   | Offered knowledge of Poisonous Cloud by Vehumet.
 21937 | Lair:6   | Learned a level 6 spell: Poisonous Cloud
 22144 | Lair:7   | Reached skill level 10 in Fire Magic
 22396 | Lair:7   | You fall through a shaft!
 22396 | Lair:8   | Entered Level 8 of the Lair of Beasts
 22795 | Lair:7   | Noticed a four-headed hydra
 22797 | Lair:7   | Killed a four-headed hydra
 23053 | Lair:7   | Reached skill level 12 in Conjurations
 23069 | Lair:7   | Reached skill level 1 in Shields
 23867 | Lair:7   | Reached skill level 13 in Conjurations
 24278 | Lair:8   | Offered knowledge of Fireball by Vehumet.
 25086 | Lair:8   | Reached skill level 14 in Conjurations
 25089 | Lair:8   | Reached XP level 14. HP: 85/85 MP: 31/31
 25199 | Lair:8   | Reached skill level 15 in Conjurations
 26009 | Lair:8   | Found a staircase to the Slime Pits.
 26213 | Lair:8   | Reached skill level 10 in Spellcasting
 27062 | D:10     | Entered Level 10 of the Dungeon
 27139 | D:10     | Found Tiocwami's General Store.
 27382 | D:10     | Noticed Erica
 27385 | D:10     | Killed Erica
 27568 | D:10     | Noticed Fannar
 27576 | D:10     | Killed Fannar
 27576 | D:10     | Offered knowledge of Conjure Ball Lightning by Vehumet.
 27643 | D:10     | Noticed Maurice
 27648 | D:10     | Killed Maurice
 27713 | D:10     | Killed Psyche
 28159 | D:11     | Found a staircase to the Lair.
 28529 | D:11     | Found a staircase to the Orcish Mines.
 29067 | Orc:1    | Entered Level 1 of the Orcish Mines
 29567 | Orc:1    | Offered knowledge of Iron Shot by Vehumet.
 29579 | Orc:1    | Learned a level 6 spell: Iron Shot
 29775 | Orc:1    | Found a roughly hewn altar of Beogh.
 29900 | Orc:2    | Found Olusera's Magical Wand Boutique.
 29919 | Orc:2    | Noticed Harold
 30092 | Orc:2    | Killed Harold
 30432 | Orc:3    | Found a shimmering altar of Xom.
 30701 | Orc:3    | Noticed Sonja
 30733 | Orc:3    | Killed Sonja
 30940 | Orc:3    | Offered knowledge of Bolt of Draining by Vehumet.
 31277 | Orc:4    | Entered Level 4 of the Orcish Mines
 31288 | Orc:4    | Found a staircase to the Elven Halls.
 31296 | Orc:4    | Noticed a stone giant
 31300 | Orc:4    | Killed a stone giant
 31300 | Orc:4    | Reached XP level 15. HP: 90/90 MP: 25/33
 31628 | Orc:4    | Noticed an orc warlord
 31636 | Orc:4    | Killed an orc warlord
 31757 | Orc:4    | Noticed Nergalle
 32004 | Orc:4    | Noticed Urug
 32286 | Orc:4    | Killed Nergalle
 32514 | Orc:4    | Killed Urug
 32644 | Orc:4    | Found a roughly hewn altar of Beogh.
 32652 | Orc:4    | Found Ocanatt's Antique Weapon Shoppe.
 32751 | Orc:4    | Found Ijeshrukh's Antique Armour Shoppe.
 32894 | Orc:4    | Found Taomiwuwy's General Store.
 33087 | Orc:4    | Found Warucvoge's Book Shoppe.
 33112 | Orc:4    | Found Psiapn's General Store.
 33288 | Orc:3    | Offered knowledge of Shatter by Vehumet.
 33288 | Orc:3    | Offered knowledge of Chain Lightning by Vehumet.
 33288 | Orc:3    | Offered knowledge of Tornado by Vehumet.
 33359 | Orc:2    | Found a roughly hewn altar of Beogh.
 33608 | Orc:4    | Bought a book of Burglary for 1200 gold pieces
 33612 | Orc:4    | Learned a level 2 spell: Swiftness
 33614 | Orc:4    | Learned a level 1 spell: Apportation
 33969 | D:12     | Noticed Erolcha
 34083 | D:12     | Killed Erolcha
 36313 | D:14     | Found a labyrinth entrance.
 36377 | Lab      | Entered a labyrinth
 36695 | Lab      | Got a smoking jade ring
 36695 | Lab      | Identified the Volume of Entrancing Poisoning (You found it in a labyrinth)
 36696 | Lab      | Identified the ring "Raeczag Fra" {Regen +Inv Dex+4} (You found it in a labyrinth)
 36704 | D:14     | Identified a +4 rod of striking (7/7) (You found it in a labyrinth)
 37063 | D:15     | Entered Level 15 of the Dungeon
 38612 | D:15     | Reached skill level 16 in Conjurations
 39288 | D:16     | Entered Level 16 of the Dungeon
 39428 | D:16     | Reached XP level 16. HP: 97/97 MP: 34/35
 39925 | D:16     | Reached skill level 10 in Dodging
 40029 | D:16     | Found a gate to the Depths.
 41889 | Lair:2   | Learned a level 6 spell: Poison Arrow
 41962 | Swamp:1  | Entered Level 1 of the Swamp
 42170 | Swamp:1  | Noticed Agnes
 42193 | Swamp:1  | Killed Agnes
 42363 | Swamp:1  | Learned a level 3 spell: Flight
 42871 | Swamp:1  | Noticed Roxanne
 43780 | Swamp:2  | Noticed Nessos
 43784 | Swamp:2  | Killed Nessos
 44126 | Swamp:2  | Noticed Louise
 44132 | Swamp:2  | Killed Louise
 44878 | Swamp:3  | Noticed Snorg
 44880 | Swamp:3  | Killed Snorg
 45131 | Swamp:3  | Identified a scroll of acquirement
 45264 | Swamp:3  | Noticed Donald
 45266 | Swamp:3  | Killed Donald
 45266 | Swamp:3  | Reached XP level 17. HP: 104/104 MP: 21/36
 45510 | Swamp:3  | Noticed Rupert
 45517 | Swamp:3  | Killed Rupert
 45517 | Swamp:3  | Reached skill level 17 in Conjurations
 48175 | Swamp:5  | Entered Level 5 of the Swamp
 48233 | Swamp:5  | Reached skill level 18 in Conjurations
 49846 | Swamp:5  | Noticed a bone dragon
 50276 | Swamp:5  | Killed a bone dragon
 50493 | Swamp:5  | Got a decaying rune of Zot
 51172 | Depths:1 | Entered Level 1 of the Depths
 51799 | Depths:1 | Reached XP level 18. HP: 101/110 MP: 31/38
 52204 | Depths:1 | Found a gateway to Hell.
 52218 | Depths:1 | Found a one-way gate leading to the halls of Pandemonium.
 52556 | Depths:1 | Noticed a golden dragon
 52560 | Depths:1 | Killed a golden dragon
 52560 | Depths:1 | Reached skill level 15 in Fire Magic
 53946 | Depths:1 | Found a staircase to the Vaults.
 54070 | Vaults:1 | Entered Level 1 of the Vaults
 54536 | Vaults:1 | Noticed Nikola
 54539 | Vaults:1 | Killed Nikola
 55221 | Vaults:1 | Reached skill level 19 in Conjurations
 55663 | Vaults:1 | Found Xabon's Armour Boutique.
 55681 | Vaults:1 | Reached XP level 19. HP: 76/116 MP: 38/38
 57341 | Vaults:2 | Reached skill level 20 in Conjurations
 60279 | Vaults:2 | Found a staircase to the Crypt.
 61061 | Vaults:3 | Noticed Azrael
 61234 | Vaults:3 | Noticed Margery
 61244 | Vaults:3 | Killed Margery
 61251 | Vaults:3 | Reached XP level 20. HP: 122/122 MP: 19/39
 61437 | Vaults:3 | Noticed Frederick
 61441 | Vaults:3 | Killed Frederick
 61985 | Vaults:3 | Killed Azrael
 64599 | Lair:2   | Learned a level 9 spell: Fire Storm
 65366 | Vaults:4 | Reached skill level 21 in Conjurations
 66554 | Vaults:4 | Found a staircase to the Hall of Blades.
 66927 | Vaults:4 | Reached XP level 21. HP: 127/127 MP: 31/40
 67057 | Vaults:4 | Noticed Mennas
 67083 | Vaults:4 | Killed Mennas
 67700 | Vaults:4 | Reached skill level 22 in Conjurations
 68626 | Depths:2 | Found a gateway to a bazaar.
 68671 | Depths:2 | Found a one-way gate to the infinite horrors of the Abyss.
 69913 | Depths:2 | Paralysed by a giant eyeball for 4 turns
 69923 | Depths:2 | Noticed a golden dragon
 69925 | Depths:2 | Killed a golden dragon
 70054 | Depths:2 | Paralysed by a giant eyeball for 4 turns
 70089 | Depths:2 | Noticed Saint Roka
 70097 | Depths:2 | Killed Saint Roka
 71254 | Depths:3 | Noticed a golden dragon
 71622 | Depths:3 | Reached XP level 22. HP: 134/134 MP: 36/40
 71760 | Depths:3 | Killed a golden dragon
 71940 | Depths:3 | Found Klywoasosa's Distillery.
 73249 | Depths:4 | Reached skill level 23 in Conjurations
 75432 | Depths:5 | Reached skill level 24 in Conjurations
 75539 | Depths:5 | Found a shimmering altar of Xom.
 75602 | Depths:5 | Reached XP level 23. HP: 139/139 MP: 40/41
 76411 | Depths:5 | Reached skill level 15 in Spellcasting
 77098 | Depths:6 | Entered Level 6 of the Depths
 77862 | Depths:6 | Found a radiant altar of Vehumet.
 79329 | Depths:6 | Got a pitted silver amulet
 79330 | Depths:6 | Identified the amulet "Woerphetu" {rCorr rF-} (You found it on level 6 of the Depths)
 79395 | Depths:6 | Reached XP level 24. HP: 132/145 MP: 36/44
 79961 | Crypt:1  | Entered Level 1 of the Crypt
 80507 | Crypt:1  | Noticed Xtahua
 80511 | Crypt:1  | Killed Xtahua
 81202 | Crypt:1  | Noticed Boris
 81204 | Crypt:1  | Killed Boris
 81204 | Crypt:1  | Reached skill level 5 in Earth Magic
 82260 | Crypt:1  | Noticed Sojobo
 82269 | Crypt:1  | Killed Sojobo
 82847 | Crypt:2  | Found a basalt altar of Yredelemnul.
 83716 | Crypt:2  | Noticed Khufu
 83716 | Crypt:2  | Noticed a greater mummy
 83716 | Crypt:2  | Noticed a greater mummy
 83969 | Crypt:2  | Killed a greater mummy
 86266 | Crypt:2  | Killed Khufu
 86364 | Crypt:2  | Killed a greater mummy
 86592 | Crypt:3  | Found a staircase to the Tomb.
 87855 | Crypt:4  | Noticed Frances
 87857 | Crypt:4  | Reached XP level 25. HP: 154/154 MP: 36/45
 87857 | Crypt:4  | Killed Frances
 88242 | Crypt:4  | Reached skill level 10 in Fighting
 89127 | Crypt:5  | Entered Level 5 of the Crypt
 89368 | Crypt:5  | Noticed an ancient lich
 89370 | Crypt:5  | Killed an ancient lich
 90560 | Crypt:5  | Learned a level 5 spell: Phase Shift
 91002 | Crypt:5  | Noticed an ancient lich
 91219 | Crypt:5  | Paralysed by it for 7 turns
 91394 | Crypt:5  | Killed an ancient lich
 92301 | Crypt:5  | Upgraded the game from 0.14-a0-882-gdff4d47 to 0.14-a0-932-g154aeca
 92972 | Spider:1 | Entered Level 1 of the Spider Nest
 93339 | Spider:1 | Noticed Somebody's ghost (powerful MiFi)
 93342 | Spider:1 | Killed Somebody's ghost
 94367 | Spider:2 | Noticed Arachne
 94374 | Spider:2 | Killed Arachne
 94573 | Spider:2 | Noticed Aizul
 94575 | Spider:2 | Killed Aizul
 95374 | Spider:3 | Reached XP level 26. HP: 169/169 MP: 42/45
 95926 | Spider:3 | Noticed Wiglaf
 95927 | Spider:3 | Killed Wiglaf
 96758 | Spider:5 | Entered Level 5 of the Spider Nest
 96901 | Spider:5 | Noticed Mara
 96905 | Spider:5 | Killed Mara
 98866 | Spider:5 | Got a gossamer rune of Zot
 99365 | Elf:1    | Entered Level 1 of the Elven Halls
 99376 | Elf:1    | Found Smoalil's Antique Weapon Shoppe.
 99422 | Elf:1    | Found a frozen archway.
 99437 | IceCv    | Entered an ice cave
 99731 | IceCv    | Learned a level 6 spell: Haste
100148 | IceCv    | Got a steaming wizard hat
100373 | Elf:1    | Identified the cursed -1 wizard hat of Hadjma {Str-3 Int+4} (You found it in an ice cave)
101275 | Elf:2    | Found Veqewiacw's General Store.
101281 | Elf:2    | Veqewiacw's General Store was a mimic.
101390 | Elf:2    | Found Yvabraax's Book Boutique.
101668 | Elf:2    | Found Wiuplafe's Weapon Shoppe.
101960 | Elf:2    | Found Troklu's General Store.
102131 | Elf:2    | Found Caxta's Magic Scroll Shoppe.
102178 | Elf:3    | Entered Level 3 of the Elven Halls
102279 | Elf:3    | Found Phucs' Armour Emporium.
102312 | Elf:3    | Found a portal to a secret trove of treasure.
102652 | Elf:3    | Reached skill level 1 in Evocations
103093 | Elf:3    | Reached skill level 5 in Evocations
103204 | Elf:3    | Reached XP level 27. HP: 174/174 MP: 24/47
103317 | Elf:3    | Identified a +2 rod of the swarm (12/12) (You took it off a deep elf annihilator on level 3 of the Elven Halls)
103365 | Elf:3    | Identified the Tome of Dusty Changing (You found it on level 3 of the Elven Halls)
103405 | Elf:3    | Got a crude bronze amulet
103464 | Elf:3    | Identified the Disquisition on the Compass (You found it on level 3 of the Elven Halls)
103476 | Elf:3    | Identified the amulet "Fopputin" {Spirit rC+ MR++} (You found it on level 3 of the Elven Halls)
104781 | Vaults:5 | Entered Level 5 of the Vaults
104781 | Vaults:5 | Noticed Jory
104783 | Vaults:5 | Reached skill level 10 in Evocations
105145 | Vaults:5 | Noticed Jorgrun
105320 | Vaults:5 | Killed Jorgrun
105325 | Vaults:5 | Noticed Boris
105326 | Vaults:5 | Killed Boris
105470 | Vaults:5 | Killed Jory
106299 | Vaults:5 | Reached skill level 15 in Evocations
106957 | Vaults:5 | Found Pnunge's Food Shoppe.
107019 | Vaults:5 | Found Wutorph's Magic Scroll Boutique.
107032 | Vaults:5 | Found Fomurgh's Food Emporium.
107032 | Vaults:5 | Found Twases' Magic Scroll Boutique.
107270 | Vaults:5 | Found Klyar's Food Shoppe.
107409 | Vaults:5 | Found Nuzutto's Distillery.
107430 | Vaults:5 | Found Heziuppa's Magic Scroll Shoppe.
107461 | Vaults:5 | Found Annaj's Distillery.
107461 | Vaults:5 | Found Yggol's Distillery.
107849 | Vaults:5 | Found Veohidut's General Store.
107859 | Vaults:5 | Found Vapsean's Magical Wand Boutique.
107859 | Vaults:5 | Found Stryi's Distillery.
107867 | Vaults:5 | Found Qaog's Antique Armour Shoppe.
107872 | Vaults:5 | Got a silver rune of Zot
108869 | Bazaar   | Entered a bazaar
108883 | Bazaar   | Found Uqimm's Weapon Emporium.
108883 | Bazaar   | Found Reyhaj's Armour Shoppe.
108904 | Bazaar   | Found Chipt's Antique Armour Emporium.
108904 | Bazaar   | Found Ocaek's Weapon Shoppe.
108926 | Bazaar   | Found Jast's Antique Weapon Emporium.
108926 | Bazaar   | Found Smuebuec's General Store.
109647 | Vaults:5 | Bought 3 scrolls of identify for 84 gold pieces
110841 | Trove    | Entered a treasure trove
110859 | Trove    | Got a polished quick blade
110874 | Trove    | Got a slimy bardiche
110901 | Elf:3    | Identified the +7,+11 quick blade "Qevvenwofu" {antimagic, rF+ rC+} (You found it in a treasure trove)
110902 | Elf:3    | Identified the +0,-2 bardiche "Jinoc" {freeze, MR++ Int+1 Stlth+} (You found it in a treasure trove)
110914 | Elf:3    | Upgraded the game from 0.14-a0-932-g154aeca to 0.14-a0-1029-g9530a8b
111100 | Orc:4    | Bought the +9,+9 Staff of Wucad Mu for 3300 gold pieces
111356 | Lair:2   | Upgraded the game from 0.14-a0-1029-g9530a8b to 0.14-a0-1330-g3eed206
111763 | Elf:3    | Learned a level 4 spell: Animate Dead
111845 | Elf:3    | Reached skill level 1 in Necromancy
112512 | Zot:1    | Entered Level 1 of the Realm of Zot
112873 | Zot:1    | Reached skill level 5 in Necromancy
113150 | Zot:1    | Noticed an orb of fire
113157 | Zot:1    | Killed an orb of fire
114000 | Zot:2    | Reached skill level 10 in Necromancy
114837 | Lair:2   | Learned a level 8 spell: Necromutation
115494 | Zot:2    | Reached skill level 1 in Transmutations
115750 | Zot:2    | Reached skill level 5 in Transmutations
116496 | Zot:2    | Noticed an orb of fire
116496 | Zot:2    | Gained mutation: Your body is misshapen. [an orb of fire]
116503 | Zot:2    | Killed an orb of fire
116635 | Zot:2    | Upgraded the game from 0.14-a0-1330-g3eed206 to 0.15-a0-271-g6095dc6
116635 | Zot:2    | Upgraded the game from 0.15-a0-271-g6095dc6 to 0.15-a0-672-g38fd0bf
116635 | Zot:2    | Quit the game

Action                   |  1- 3 |  4- 6 |  7- 9 | 10-12 | 13-15 | 16-18 | 19-21 | 22-24 | 25-27 || total
-------------------------+-------+-------+-------+-------+-------+-------+-------+-------+-------++-------
Melee: Unarmed           |    11 |       |    11 |    17 |    17 |     3 |       |       |       ||    59
       Staff             |       |       |       |       |       |    32 |     1 |    11 |    11 ||    55
       Demon trident     |       |       |       |       |       |       |       |    29 |       ||    29
 Cast: Magic Dart        |    93 |   187 |   304 |    13 |    35 |       |       |       |       ||   632
       Mephitic Cloud    |       |     5 |     8 |     9 |       |       |       |       |       ||    22
       Conjure Flame     |       |     4 |     8 |     7 |       |       |       |       |       ||    19
       Sting             |       |       |   199 |   344 |       |       |       |       |       ||   543
       Repel Missiles    |       |       |     1 |     1 |     8 |    10 |    14 |     3 |     6 ||    43
       Throw Flame       |       |       |       |   487 |   605 |       |       |       |       ||  1092
       Iskenderun's Batt |       |       |       |    38 |    74 |     3 |       |       |       ||   115
       Blink             |       |       |       |     7 |     4 |     6 |     2 |     1 |     5 ||    25
       Bolt of Fire      |       |       |       |    33 |   355 |   429 |   202 |   268 |   230 ||  1517
       Poisonous Cloud   |       |       |       |       |    47 |    24 |    33 |     3 |     1 ||   108
       Swiftness         |       |       |       |       |     5 |    20 |    20 |    17 |     7 ||    69
       Iron Shot         |       |       |       |       |     2 |    39 |    25 |    36 |    80 ||   182
       Poison Arrow      |       |       |       |       |       |   175 |   319 |   248 |   505 ||  1247
       Apportation       |       |       |       |       |       |     1 |       |       |       ||     1
       Fire Storm        |       |       |       |       |       |       |    17 |    84 |   157 ||   258
       Phase Shift       |       |       |       |       |       |       |       |       |     1 ||     1
       Haste             |       |       |       |       |       |       |       |       |     9 ||     9
Evoke: Wand              |       |       |       |     5 |    10 |     5 |     1 |     7 |     4 ||    32
       Staff of Wucad Mu |       |       |       |       |       |       |       |       |     1 ||     1
  Use: Scroll            |       |     1 |     6 |    21 |    12 |     6 |     8 |     8 |    21 ||    83
       Potion            |       |       |       |       |     3 |    10 |     3 |     1 |     1 ||    18
